[Event "Titled Tuesday Blitz January 10 Early 2023"]
[White "Osmak, Yuliia"]
[Black "Estrada Nieto, Julian"]
[WhiteFideId "14101602"]
[BlackFideId "5101018"]
[WhiteElo "2440"]
[BlackElo "2215"]
[Result "0-1"]
[Round "05"]
[TimeControl "180+2"]
[Date "2023.01.10"]
[WhiteClock "0:00:03"]
[BlackClock "0:00:23"]

1. e4 e5 2. Nf3 Nc6 3. Bb5 a6 4. Ba4 Nf6 5. Qe2 Be7 6. O-O b5 7. Bb3 O-O 8. c3 d5 9. d3 Bb7 10. Rd1 h6 11. Nbd2 Re8 12. Nf1 Bf8 13. Ne3 Na5 14. Bc2 c5 15. Nf5 Qc8 16. N3h4 Qc6 17. Ng3 c4 18. dxc4 dxe4 19. cxb5 axb5 20. Nhf5 Nc4 21. Ne3 Rad8 22. Nxc4 bxc4 23. Be3 Rd3 24. Bxd3 exd3 25. Qf1 h5 26. f3 h4 27. Nh1 e4 28. f4 Ng4 29. Re1 Nxe3 30. Rxe3 Bc5 31. Qe1 Qb6 32. Kf2 Qxb2+ 33. Kg1 Bxe3+ 34. Qxe3 Qxa1+ 0-1


[Site "https://www.chess.com"]

[Event "Titled Tuesday Blitz January 10 Early 2023"]
[White "Tymrakiewicz, Rafal"]
[Black "Hamley, Ryan"]
[WhiteFideId "1108832"]
[BlackFideId "30959497"]
[WhiteElo "2144"]
[BlackElo "2092"]
[Result "0-1"]
[Round "05"]
[TimeControl "180+2"]
[Date "2023.01.10"]
[WhiteClock "0:00:01"]
[BlackClock "0:01:09"]

1. d4 Nf6 2. Bg5 c5 3. d5 d6 4. Nc3 Nbd7 5. e4 g6 6. Nf3 Bg7 7. Be2 a6 8. a4 Rb8 9. O-O h6 10. Bf4 O-O 11. h3 b5 12. axb5 axb5 13. e5 Nh5 14. Bh2 b4 15. g4 bxc3 16. bxc3 Nxe5 17. Nxe5 dxe5 18. gxh5 Bxh3 19. Re1 Qd6 20. c4 Qf6 21. Bf1 Qg5+ 22. Bg3 Bg4 23. Be2 gxh5 24. Qc1 Qg6 25. Bd3 f5 26. Kh2 e4 27. Be2 Kh7 28. Bxb8 Rxb8 29. Qf4 Rb2 30. Rg1 Rxc2 31. Bxg4 hxg4 0-1


[Site "https://www.chess.com"]

[Event "Titled Tuesday Blitz January 10 Early 2023"]
[White "Goldin, Roman"]
[Black "Djokic, Mihailo"]
[WhiteFideId "2803860"]
[BlackFideId "976440"]
[WhiteElo "2322"]
[BlackElo "2192"]
[Result "1-0"]
[Round "05"]
[TimeControl "180+2"]
[Date "2023.01.10"]
[WhiteClock "0:00:08"]
[BlackClock "0:01:06"]

1. Nf3 Nf6 2. e3 g6 3. b4 Bg7 4. Bb2 O-O 5. c4 d6 6. Be2 e5 7. d3 Re8 8. O-O a5 9. b5 Nbd7 10. Nc3 Nc5 11. Rb1 Bf5 12. e4 Bg4 13. Ne1 Bxe2 14. Qxe2 c6 15. Nc2 Rc8 16. Ne3 Ne6 17. Na4 cxb5 18. cxb5 Nf4 19. Qd2 d5 20. g3 Nh3+ 21. Kg2 Ng5 22. h4 Ne6 23. Bxe5 dxe4 24. d4 h5 25. b6 Nd5 26. Qxa5 Nxe3+ 27. fxe3 Rc2+ 28. Rf2 Rxf2+ 29. Kxf2 f6 30. Bc7 Qe7 31. Qd5 Kh7 32. Nc5 Nxc7 33. bxc7 Qxc7 34. Rxb7 Qa5 35. Rxg7+ Kxg7 36. Ne6+ Rxe6 37. Qxa5 Ra6 38. Qc7+ Kh6 39. Qc4 Ra5 40. d5 f5 41. d6 Rd5 42. Qxd5 1-0


[Site "https://www.chess.com"]

[Event "Titled Tuesday Blitz January 10 Early 2023"]
[White "Jakubowski, Krzysztof"]
[Black "Chernomordik, Pavel"]
[WhiteFideId "1112848"]
[BlackFideId "2804530"]
[WhiteElo "2486"]
[BlackElo "2150"]
[Result "1-0"]
[Round "05"]
[TimeControl "180+2"]
[Date "2023.01.10"]
[WhiteClock "0:01:00"]
[BlackClock "0:00:31"]

1. e4 g6 2. d4 Bg7 3. Nc3 d6 4. f4 a6 5. Nf3 b5 6. Be3 b4 7. Ne2 Bb7 8. Ng3 Nd7 9. Bd3 c5 10. c3 bxc3 11. bxc3 Ngf6 12. Rb1 Qc7 13. O-O O-O 14. Kh1 Rfb8 15. Qe2 a5 16. f5 Bc8 17. Rbc1 Rb6 18. Ng5 Ba6 19. Bxa6 Raxa6 20. Qc4 d5 21. exd5 Rd6 22. dxc5 Rxd5 23. Qxa6 Nxc5 24. Bxc5 Rxc5 25. Qa8+ Bf8 26. N5e4 Nxe4 27. Nxe4 Rxf5 28. Rxf5 gxf5 29. Ng3 e6 30. Nh5 Qe5 31. Qd8 Qe3 32. Rd1 1-0


[Site "https://www.chess.com"]

[Event "Titled Tuesday Blitz January 10 Early 2023"]
[White "Fernandez Garcia, Gumersindo"]
[Black "Bodnaruk, Anastasia"]
[WhiteFideId "24516740"]
[BlackFideId "4181751"]
[WhiteElo "2160"]
[BlackElo "2350"]
[Result "1-0"]
[Round "05"]
[TimeControl "180+2"]
[Date "2023.01.10"]
[WhiteClock "0:00:08"]
[BlackClock "0:00:03"]

1. Nf3 Nf6 2. d4 g6 3. c4 Bg7 4. Nc3 d6 5. Bg5 O-O 6. e3 c5 7. Be2 cxd4 8. exd4 Nc6 9. O-O h6 10. Bh4 g5 11. Bg3 Nh5 12. Rc1 Nxg3 13. hxg3 f5 14. d5 Ne5 15. Nxe5 Bxe5 16. Bd3 Bd7 17. Re1 Bg7 18. b3 Rf7 19. Qh5 Qb6 20. Re2 Qd4 21. Bb1 a6 22. Qf3 b5 23. Qd3 bxc4 24. Qxd4 Bxd4 25. bxc4 Rc8 26. Bd3 Rb8 27. Nd1 f4 28. gxf4 gxf4 29. Bg6 Rg7 30. Be4 Bg4 31. Rd2 Bc5 32. Nb2 Ba3 33. Rcc2 h5 34. f3 Bd7 35. Kf1 h4 36. Re2 Kf7 37. Bd3 Kf6 38. Be4 Rgg8 39. Bd3 Rb4 40. Nd1 Rb1 41. Rcd2 Bb4 42. Bxb1 Bxd2 43. Rxd2 h3 44. gxh3 Bxh3+ 45. Ke2 Rg2+ 46. Nf2 Bd7 47. Rd1 Ba4 48. Rh1 Kf7 49. Rh6 Rg1 50. Bd3 Ra1 51. Rh4 Rxa2+ 52. Kf1 Rd2 53. Rxf4+ Ke8 54. Bg6+ Kd7 55. Ne4 Rb2 56. Rf8 Bc2 57. Be8+ Kc7 58. Bc6 a5 59. Ra8 Rb1+ 60. Ke2 a4 61. Ra7+ Kd8 62. Ng5 Bf5 63. Nf7+ Kc8 64. Rxa4 Rb2+ 65. Ke3 Rc2 66. Kf4 Bg6 67. Ng5 Bh5 68. Ne6 Kb8 69. Ra8# 1-0


[Site "https://www.chess.com"]

[Event "Titled Tuesday Blitz January 10 Early 2023"]
[White "Ashraf, Artin"]
[Black "Jaskolka, Tomasz"]
[WhiteFideId "22514805"]
[BlackFideId "1170791"]
[WhiteElo "2314"]
[BlackElo "2238"]
[Result "1-0"]
[Round "05"]
[TimeControl "180+2"]
[Date "2023.01.10"]
[WhiteClock "0:00:57"]
[BlackClock "0:00:21"]

1. Nf3 d5 2. g3 Nd7 3. c4 dxc4 4. Qa4 a6 5. Qxc4 b5 6. Qc2 Bb7 7. Bg2 Ngf6 8. O-O e6 9. d3 c5 10. a4 Be7 11. Nbd2 O-O 12. Nb3 Nd5 13. Bd2 Qb6 14. Na5 Rab8 15. Nxb7 Qxb7 16. axb5 axb5 17. e4 N5b6 18. Ra5 Qc6 19. Nd4 Qb7 20. Nxb5 e5 21. Rfa1 Ra8 22. b3 Qc6 23. Nc3 Rxa5 24. Rxa5 Ra8 25. Qa2 f6 26. Nd5 Bd8 27. b4 Rxa5 28. Nxf6+ Kf8 29. Qg8+ Ke7 30. Qxg7+ Kd6 31. Ne8+ Ke6 32. Bh3# 1-0


[Site "https://www.chess.com"]

[Event "Titled Tuesday Blitz January 10 Early 2023"]
[White "Perez Rodriguez, Luis Manuel"]
[Black "Spata, German"]
[WhiteFideId "3503364"]
[BlackFideId "113026"]
[WhiteElo "2329"]
[BlackElo "2383"]
[Result "1-0"]
[Round "05"]
[TimeControl "180+2"]
[Date "2023.01.10"]
[WhiteClock "0:00:20"]
[BlackClock "0:00:03"]

1. e4 e6 2. d4 d5 3. e5 b6 4. c4 Ne7 5. Nc3 Qd7 6. cxd5 Nxd5 7. Nf3 Be7 8. Bd3 Nxc3 9. bxc3 Ba6 10. Bxa6 Nxa6 11. O-O c5 12. a4 cxd4 13. cxd4 Nb4 14. a5 O-O 15. Bg5 Nd5 16. axb6 axb6 17. Rxa8 Rxa8 18. h4 h6 19. Bxe7 Qxe7 20. Qb3 Ra3 21. Qb5 Ra5 22. Qc6 Qd8 23. Rc1 Ra8 24. h5 Rb8 25. Qb5 Qe8 26. Qb3 Rc8 27. Ra1 Qc6 28. Nd2 b5 29. Ne4 Nf4 30. Qf3 Nd5 31. Nd6 Rf8 32. Ra7 Qc1+ 33. Kh2 Qf4+ 34. Qxf4 Nxf4 35. Nxb5 Nxh5 36. g3 g6 37. Nd6 Ng7 38. Ne4 Nf5 39. Rd7 Kg7 40. g4 Nh4 41. Kg3 g5 42. f4 Kg6 43. d5 exd5 44. Rd6+ Kg7 45. Rxd5 Ra8 46. fxg5 hxg5 47. Nxg5 Ng6 48. e6 fxe6 49. Nxe6+ Kf6 50. Nd4 Ra3+ 51. Nf3 Ke6 52. Rb5 Kf6 53. g5+ Kf7 54. Kg4 Ra4+ 55. Kg3 Ra3 56. Rb7+ Ke6 57. Rb6+ Kf5 58. Rf6+ Ke4 59. Kg4 Rxf3 60. Rxg6 Rf1 61. Re6+ Kd5 62. Re8 Kd6 63. Re2 Kd7 64. g6 1-0


[Site "https://www.chess.com"]

[Event "Titled Tuesday Blitz January 10 Early 2023"]
[White "Osinovsky, Stepan"]
[Black "Royal, Shreyas"]
[WhiteFideId "4157354"]
[BlackFideId "448869"]
[WhiteElo "2241"]
[BlackElo "2438"]
[Result "0-1"]
[Round "05"]
[TimeControl "180+2"]
[Date "2023.01.10"]
[WhiteClock "0:00:02"]
[BlackClock "0:01:26"]

1. Nf3 g6 2. g3 Bg7 3. Bg2 d5 4. O-O e5 5. d3 Nc6 6. Nbd2 Nge7 7. e4 O-O 8. Re1 h6 9. c3 Be6 10. a4 Qd7 11. a5 Rad8 12. Qa4 f5 13. exd5 Bxd5 14. a6 b6 15. Nc4 b5 16. Qxb5 Bxf3 17. Bxf3 Nd4 18. Qb7 Rb8 19. cxd4 Rxb7 20. axb7 e4 21. dxe4 Qxd4 22. Ra4 fxe4 23. Rxe4 Qd7 24. Kg2 Qxa4 25. Rxe7 Qxc4 26. Bf4 g5 27. Rxc7 Qb3 28. Rd7 Qxb2 29. Bd5+ Kh8 30. Be3 Bd4 31. Rf7 Rb8 32. Bxd4+ Qxd4 33. Bf3 a5 34. Rc7 Qd8 35. Rc5 Qb6 36. Rc6 Qxb7 37. Rxh6+ Kg7 0-1


[Site "https://www.chess.com"]

[Event "Titled Tuesday Blitz January 10 Early 2023"]
[White "Kazancev, Valerij M"]
[Black "Maltsevskaya, Aleksandra"]
[WhiteFideId "4179609"]
[BlackFideId "24174041"]
[WhiteElo "2313"]
[BlackElo "2390"]
[Result "1-0"]
[Round "05"]
[TimeControl "180+2"]
[Date "2023.01.10"]
[WhiteClock "0:00:54"]
[BlackClock "0:00:08"]

1. c4 Nf6 2. g3 g6 3. Bg2 Bg7 4. Nc3 d6 5. e3 O-O 6. Nge2 Nbd7 7. O-O e5 8. Rb1 a5 9. a3 Nc5 10. d3 a4 11. d4 exd4 12. exd4 Nb3 13. Nxa4 Nxc1 14. Rxc1 Re8 15. Nac3 c6 16. h3 h5 17. Re1 Bf5 18. Qd2 Qb6 19. Kh2 Ne4 20. Nxe4 Bxe4 21. Rcd1 Bxg2 22. Kxg2 Re4 23. f3 Re7 24. Nf4 Rxe1 25. Rxe1 Bxd4 26. Re2 Be5 27. Nd3 Bg7 28. Re7 Qd4 29. Qe2 Qxc4 30. Rxb7 Bd4 31. h4 Kg7 32. b3 Qa6 33. Qe7 Rf8 34. Nf4 Kg8 35. Nxg6 Qd3 36. Qxf8+ 1-0


[Site "https://www.chess.com"]

[Event "Titled Tuesday Blitz January 10 Early 2023"]
[White "Renjith, Sravan"]
[Black "Gracia Alvarez, Gerardo Antonio"]
[WhiteFideId "4306783"]
[BlackFideId "5109124"]
[WhiteElo "2172"]
[BlackElo "2238"]
[Result "1-0"]
[Round "05"]
[TimeControl "180+2"]
[Date "2023.01.10"]
[WhiteClock "0:01:20"]
[BlackClock "0:00:06"]

1. d4 Nf6 2. Bf4 g6 3. e3 Bg7 4. Nf3 d6 5. h3 O-O 6. Bd3 Nfd7 7. Nbd2 e5 8. Bh2 exd4 9. Nxd4 Ne5 10. Be2 Nbc6 11. c3 Nxd4 12. cxd4 Nc6 13. O-O Bd7 14. Rc1 Re8 15. Bf3 Rc8 16. Qb3 Rb8 17. Qa3 Qe7 18. d5 Rec8 19. dxc6 bxc6 20. Nc4 c5 21. b3 Bb5 22. Rfd1 Rd8 23. Qxa7 Qe6 24. Qxc7 Rbc8 25. Qa5 Bc6 26. Bxc6 d5 27. Bb7 Bf6 28. Nd6 Rb8 29. Bxd5 Qe7 30. Nxf7 Kg7 31. Nxd8 Rxd8 32. Qc7 Rd7 33. Qxc5 Qd8 34. Bf3 Rxd1+ 35. Rxd1 Qe7 36. Qxe7+ Bxe7 37. Rd7 Kf7 38. Bd5+ Ke8 39. Bc6 Kf7 40. a4 g5 41. a5 h5 42. a6 g4 43. a7 g3 44. Bxg3 h4 45. Bd6 1-0


[Site "https://www.chess.com"]

[Event "Titled Tuesday Blitz January 10 Early 2023"]
[White "Sreyas Payyappat"]
[Black "Ginzburg, Yakov"]
[WhiteFideId "46674969"]
[BlackFideId "4157176"]
[WhiteElo "2076"]
[BlackElo "2405"]
[Result "1-0"]
[Round "05"]
[TimeControl "180+2"]
[Date "2023.01.10"]
[WhiteClock "0:01:31"]
[BlackClock "0:00:34"]

1. e4 c5 2. Nf3 e6 3. d4 cxd4 4. Nxd4 Nf6 5. Nc3 Nc6 6. Ndb5 d6 7. Bf4 e5 8. Bg5 a6 9. Na3 b5 10. Nd5 Be7 11. Bxf6 Bxf6 12. c4 O-O 13. cxb5 Nd4 14. b6 Bb7 15. Bc4 Bxd5 16. Bxd5 Rb8 17. Nc4 Rxb6 18. Nxb6 Qxb6 19. O-O Qxb2 20. Rb1 Qc3 21. Rb6 a5 22. Rxd6 Be7 23. Rd7 Bc5 24. Qh5 g6 25. Qg5 Qd3 26. Qf6 Ne2+ 27. Kh1 1-0


[Site "https://www.chess.com"]

[Event "Titled Tuesday Blitz January 10 Early 2023"]
[White "Legenia, Artem"]
[Black "Manelyuk, Daniil"]
[WhiteFideId "14136945"]
[BlackFideId "44173920"]
[WhiteElo "2092"]
[BlackElo "2302"]
[Result "0-1"]
[Round "05"]
[TimeControl "180+2"]
[Date "2023.01.10"]
[WhiteClock "0:00:12"]
[BlackClock "0:00:31"]

1. Nf3 d5 2. c4 dxc4 3. e3 g6 4. Nc3 Bg7 5. Bxc4 Nf6 6. d4 O-O 7. h3 b6 8. O-O Bb7 9. Bd3 Nbd7 10. a3 c5 11. b4 cxd4 12. exd4 Rc8 13. Bb2 Nd5 14. Rc1 Nxc3 15. Bxc3 Nf6 16. Ne5 Nd5 17. Bd2 e6 18. Re1 Rxc1 19. Qxc1 Qa8 20. Be4 Rc8 21. Qb1 Nf6 22. Bxb7 Qxb7 23. Rc1 Nd7 24. Bf4 h6 25. Rxc8+ Qxc8 26. Nxd7 Qxd7 27. Qe4 Qxd4 28. Qa8+ Kh7 29. Bb8 b5 30. Qxa7 Qxa7 31. Bxa7 Bb2 32. Kf1 Kg7 33. Ke2 Kf6 34. Kd3 Ke5 35. Bc5 Kd5 36. f3 h5 37. Be7 Bxa3 38. Bf8 Bb2 39. Bc5 Bg7 40. g4 hxg4 41. hxg4 f5 42. gxf5 gxf5 43. Be7 e5 44. Bc5 e4+ 45. fxe4+ fxe4+ 46. Ke3 Bh6+ 47. Ke2 Kc4 48. Be7 Bc1 49. Bf8 Ba3 50. Ke3 Bxb4 51. Bg7 Kd5 52. Bb2 Bc5+ 53. Ke2 Bd4 54. Ba3 Bc3 55. Bf8 b4 56. Kd1 b3 57. Ba3 Kc4 58. Ke2 b2 59. Bxb2 Bxb2 60. Ke3 Kd5 61. Ke2 Ke5 62. Kd1 Kf4 63. Ke2 e3 64. Kd1 Kf3 65. Ke1 e2 66. Kd2 Bc3+ 0-1


[Site "https://www.chess.com"]

[Event "Titled Tuesday Blitz January 10 Early 2023"]
[White "Luukkonen, Tommi"]
[Black "Le Ruyet, Leopold"]
[WhiteFideId "501808"]
[BlackFideId "645923"]
[WhiteElo "2292"]
[BlackElo "2245"]
[Result "0-1"]
[Round "05"]
[TimeControl "180+2"]
[Date "2023.01.10"]
[WhiteClock "0:00:25"]
[BlackClock "0:00:29"]

1. e4 c5 2. Nf3 d6 3. d4 cxd4 4. Nxd4 Nf6 5. Nc3 a6 6. Bc4 e6 7. Be3 b5 8. Bb3 Be7 9. Qe2 O-O 10. a3 Bb7 11. f3 Nbd7 12. O-O-O Qa5 13. Qe1 Qc7 14. g4 Nc5 15. Ba2 Rac8 16. h4 Nfd7 17. g5 Nb6 18. g6 hxg6 19. h5 g5 20. Qg3 Nca4 21. Bd2 Nxc3 22. Bxc3 Na4 23. Rd3 Bf6 24. Rh2 Nxc3 25. Rxc3 Qb6 26. Rxc8 Rxc8 27. Nxe6 Qe3+ 28. Kd1 Bxb2 29. Rd2 Bf6 30. Rd3 Qb6 31. Nxg5 Qc5 32. Bxf7+ Kh8 33. Bb3 Bxg5 0-1


[Site "https://www.chess.com"]

[Event "Titled Tuesday Blitz January 10 Early 2023"]
[White "Girsh, Daniel"]
[Black "Arngrimsson, Dagur"]
[WhiteFideId "30949190"]
[BlackFideId "2301288"]
[WhiteElo "2123"]
[BlackElo "2370"]
[Result "1-0"]
[Round "05"]
[TimeControl "180+2"]
[Date "2023.01.10"]
[WhiteClock "0:00:49"]
[BlackClock "0:00:12"]

1. d4 d5 2. c4 c6 3. Nf3 Nf6 4. Qb3 dxc4 5. Qxc4 g6 6. g3 Bg7 7. Bg2 O-O 8. O-O b5 9. Qb3 Be6 10. Qc2 Bf5 11. Qb3 Nbd7 12. Nc3 a5 13. Ne5 Nxe5 14. dxe5 Be6 15. Qc2 Nd7 16. Bxc6 Rc8 17. Bxb5 Nxe5 18. Bf4 Qb6 19. a4 Bh3 20. Be3 Qb7 21. Qe4 Qxe4 22. Nxe4 Bxf1 23. Kxf1 Nc4 24. Bg5 Bxb2 25. Rd1 Rfd8 26. Rxd8+ Rxd8 27. Bxc4 Rd4 28. Bd3 f6 29. Bd2 Rxa4 30. Nc5 Ra1+ 31. Kg2 a4 32. Bc4+ Kh8 33. Bb4 Ba3 34. Bxa3 Rxa3 35. Bb5 Rc3 36. Nxa4 Rb3 37. Bd3 Kg7 38. Nc5 Rb6 39. Kf3 e5 40. Ke3 f5 41. f4 exf4+ 42. gxf4 Rc6 43. Kd4 Rd6+ 44. Ke5 Rd8 45. Ne6+ Kh6 46. Nxd8 g5 47. e3 gxf4 48. exf4 Kh5 49. Bxf5 Kh4 50. Ne6 Kh5 51. Bxh7 Kh4 52. Bf5 Kh5 53. Kf6 Kh4 54. Ng5 Kh5 55. Kg7 Kh4 56. Bg6 Kg4 57. f5 Kxg5 58. f6 Kh4 59. f7 Kh3 60. f8=Q Kxh2 61. Qa3 Kg2 62. Qe3 Kf1 63. Qd2 Kg1 64. Be4 Kf1 65. Bf3 Kg1 66. Qg2# 1-0


[Site "https://www.chess.com"]

[Event "Titled Tuesday Blitz January 10 Early 2023"]
[White "Shubenkova, Veronika"]
[Black "Golubev, Mikhail"]
[WhiteFideId "44124040"]
[BlackFideId "14100983"]
[WhiteElo "1960"]
[BlackElo "2461"]
[Result "1/2-1/2"]
[Round "05"]
[TimeControl "180+2"]
[Date "2023.01.10"]
[WhiteClock "0:00:17"]
[BlackClock "0:00:03"]

1. e4 c5 2. Nc3 Nc6 3. g3 g6 4. Bg2 Bg7 5. d3 e6 6. f4 Nge7 7. Nf3 d5 8. O-O O-O 9. Rb1 Nd4 10. Ne2 dxe4 11. dxe4 b6 12. c3 Nxf3+ 13. Bxf3 Qxd1 14. Rxd1 e5 15. Be3 Be6 16. a3 Rad8 17. Kf2 Bb3 18. Rxd8 Rxd8 19. Re1 Nc6 20. Nc1 Bc4 21. Rd1 Re8 22. b3 Ba6 23. c4 exf4 24. gxf4 Bb2 25. Ne2 Na5 26. Rb1 Bxa3 27. e5 Bb4 28. Ng3 Bb7 29. Bxb7 Nxb7 30. Ne4 Rd8 31. Nf6+ Kg7 32. Nd5 Ba5 33. Bc1 Re8 34. Bb2 Kh6 35. Kf3 Nd8 36. Nf6 Re6 37. Rd1 Nc6 38. Rd7 Kg7 39. Ne4 Nd4+ 40. Bxd4 cxd4 41. Rxd4 Bb4 42. Rd7 Re7 43. Rd5 a5 44. Rb5 Rb7 45. Ng3 Kf8 46. h4 Ke7 47. h5 Kd7 48. hxg6 hxg6 49. Ke4 Kc6 50. Ne2 Rd7 51. Nd4+ Kc7 52. f5 gxf5+ 53. Nxf5 Bc5 54. Ng3 Rd4+ 55. Kf5 Kc6 56. Nh5 Rd3 57. Nf4 Rf3 58. Ke4 Re3+ 59. Kf5 Rf3 60. Kg4 Rf1 61. Nd5 Rg1+ 62. Kf5 Rf1+ 63. Kg5 Re1 64. Kf6 Bd4 65. Ne7+ Kc7 66. Rd5 Bc5 67. Nf5 Rf1 68. Rd3 Rf2 69. Rh3 Rf1 70. Rh7 Kc6 71. Rxf7 Rf3 72. e6 Rxb3 73. e7 Bxe7+ 74. Nxe7+ Kc5 75. Nc8 Kxc4 76. Rc7+ Kd3 77. Ke5 a4 78. Ra7 a3 79. Kd5 b5 80. Nd6 b4 81. Ne4 Kc2 82. Nc5 Rc3 83. Kd4 b3 84. Rxa3 Rxc5 85. Kxc5 b2 86. Ra2 Kc1 87. Rxb2 Kxb2 1/2-1/2


[Site "https://www.chess.com"]

[Event "Titled Tuesday Blitz January 10 Early 2023"]
[White "Mendez Fortes, Eduardo Jesus"]
[Black "Tarasova, Viktoriya"]
[WhiteFideId "3502376"]
[BlackFideId "4175840"]
[WhiteElo "2250"]
[BlackElo "2226"]
[Result "1/2-1/2"]
[Round "05"]
[TimeControl "180+2"]
[Date "2023.01.10"]
[WhiteClock "0:00:32"]
[BlackClock "0:00:08"]

1. e4 e5 2. Nf3 Nc6 3. Bb5 Nf6 4. d3 Bc5 5. O-O Nd4 6. Nxd4 Bxd4 7. c3 Bb6 8. h3 c6 9. Ba4 O-O 10. Nd2 d5 11. Qf3 h6 12. Re1 Bc7 13. Nf1 b5 14. Bb3 a5 15. a3 Be6 16. Bc2 Re8 17. g4 Nh7 18. Ng3 Ng5 19. Qg2 Qf6 20. Nh5 Qe7 21. h4 Nh7 22. g5 hxg5 23. hxg5 g6 24. Ng3 Nxg5 25. Nf5 Nf3+ 26. Qxf3 gxf5 27. exf5 Qf6 28. Qg4+ Kf8 29. fxe6 Bb6 30. Be3 Bxe3 31. Rxe3 Ke7 32. exf7 Qxf7 33. Rxe5+ Kd6 34. Rxe8 Rxe8 35. Qg3+ Kd7 36. Kf1 Qh5 37. d4 Qe2+ 38. Kg1 Qxc2 39. Kg2 Qh7 40. Rh1 Qe4+ 41. Kg1 Qe1+ 42. Kg2 Qe4+ 43. f3 Qe2+ 44. Kg1 Qd1+ 45. Kg2 Re2+ 46. Kh3 Qxh1+ 47. Kg4 Qh7 48. Qb8 Re7 49. Qb7+ Ke8 50. Qxc6+ Kf8 51. Qc8+ Kf7 52. Kg3 Qg6+ 53. Kf2 Qc2+ 54. Kg3 Qc1 55. Qf5+ Kg7 56. Qg4+ Kf7 57. Qf5+ Ke8 58. Qc8+ Kf7 59. Qf5+ 1/2-1/2


[Site "https://www.chess.com"]

[Event "Titled Tuesday Blitz January 10 Early 2023"]
[White "Pajeken, Jakob Leon"]
[Black "Wahedi, Ahmad Siar"]
[WhiteFideId "12942839"]
[BlackFideId "4651260"]
[WhiteElo "2417"]
[BlackElo "2274"]
[Result "1-0"]
[Round "05"]
[TimeControl "180+2"]
[Date "2023.01.10"]
[WhiteClock "0:01:30"]
[BlackClock "0:00:56"]

1. d4 d5 2. Nf3 c6 3. g3 Nf6 4. Bg2 Bg4 5. O-O e6 6. b3 Nbd7 7. Nbd2 Bd6 8. Bb2 h6 9. Re1 Bf5 10. Nh4 Bh7 11. e4 dxe4 12. Nxe4 Nxe4 13. Bxe4 Bxe4 14. Rxe4 Nf6 15. Re1 O-O 16. c4 Re8 17. Qd3 Rc8 18. Rad1 Qc7 19. Qf3 Bb4 20. Re2 Rcd8 21. d5 e5 22. Nf5 cxd5 23. Nxh6+ Kf8 24. cxd5 e4 25. Qf5 Bc3 26. Ba3+ Rd6 27. Ng4 g6 28. Qf4 1-0


[Site "https://www.chess.com"]

[Event "Titled Tuesday Blitz January 10 Early 2023"]
[White "Mogirzan, Matei-Valeriu"]
[Black "Crevatin, Leo"]
[WhiteFideId "1257455"]
[BlackFideId "1726307"]
[WhiteElo "1813"]
[BlackElo "2292"]
[Result "0-1"]
[Round "05"]
[TimeControl "180+2"]
[Date "2023.01.10"]
[WhiteClock "0:00:03"]
[BlackClock "0:00:15"]

1. e4 c5 2. Nf3 d6 3. d4 cxd4 4. Nxd4 Nf6 5. Nc3 Nc6 6. Bc4 Qb6 7. Nb3 e6 8. Be3 Qc7 9. Qe2 a6 10. f4 Be7 11. O-O-O b5 12. Bd3 Bb7 13. g4 b4 14. Na4 Nd7 15. f5 e5 16. g5 Nd4 17. Bxd4 exd4 18. f6 gxf6 19. Nxd4 fxg5 20. Nf5 Ne5 21. b3 Bc6 22. Nb2 Bf6 23. Nc4 O-O-O 24. Ncxd6+ Kb8 25. Bxa6 Qa5 26. Kb1 Rd7 27. Bb5 Ra7 28. a4 bxa3 29. Ka2 Qc3 30. Rb1 Ba8 31. Ba4 Ra5 32. Qc4 Nxc4 33. bxc4+ Ka7 34. Nb5+ Rxb5 35. Bxb5 Rd8 36. Ne3 Qxe3 37. Rb3 Qd2 38. Rxa3+ Kb6 39. Rb3 Kc5 40. Rhb1 Qxc2+ 41. Ka3 Bxe4 42. Ba4 Qxb1 43. Rxb1 Bxb1 0-1


[Site "https://www.chess.com"]

[Event "Titled Tuesday Blitz January 10 Early 2023"]
[White "Quinones Garcia, Santiago"]
[Black "Pak, Yevgeniy"]
[WhiteFideId "4408497"]
[BlackFideId "14201712"]
[WhiteElo "2248"]
[BlackElo "2384"]
[Result "0-1"]
[Round "05"]
[TimeControl "180+2"]
[Date "2023.01.10"]
[WhiteClock "0:00:02"]
[BlackClock "0:00:34"]

1. d4 Nf6 2. c4 e6 3. Nc3 Bb4 4. Qc2 d5 5. cxd5 exd5 6. Bg5 h6 7. Bh4 g5 8. Bg3 c5 9. e3 Ne4 10. Nf3 Nc6 11. Bd3 Bf5 12. O-O Bxc3 13. bxc3 c4 14. Bxe4 Bxe4 15. Qd1 h5 16. h4 Bxf3 17. Qxf3 gxh4 18. Be5 Nxe5 19. dxe5 Qd7 20. Rad1 O-O-O 21. e4 dxe4 22. Rxd7 exf3 23. Rxf7 fxg2 24. Kxg2 Rhe8 25. f4 Rd3 26. Rf3 Rg8+ 27. Kf2 h3 28. Rxd3 cxd3 29. Rh7 Rg2+ 30. Ke3 d2 31. Rh8+ Kc7 32. Rh7+ Kc6 33. Rh6+ Kc5 34. Rd6 h2 0-1


[Site "https://www.chess.com"]

[Event "Titled Tuesday Blitz January 10 Early 2023"]
[White "Hirneise, Jens"]
[Black "Andreev, Konstantin"]
[WhiteFideId "24614734"]
[BlackFideId "24239305"]
[WhiteElo "2277"]
[BlackElo "2195"]
[Result "0-1"]
[Round "05"]
[TimeControl "180+2"]
[Date "2023.01.10"]
[WhiteClock "0:00:17"]
[BlackClock "0:00:07"]

1. e4 c5 2. Nf3 e6 3. b3 Nc6 4. Bb2 Nge7 5. d4 cxd4 6. Nxd4 Ng6 7. Be2 f6 8. g3 Bb4+ 9. c3 Bc5 10. h4 O-O 11. h5 Nge5 12. h6 g6 13. Nd2 Qb6 14. Nc4 Nxc4 15. Bxc4 Ne5 16. Be2 d5 17. exd5 exd5 18. O-O Bh3 19. Re1 Rae8 20. b4 Bd6 21. Bf3 Kh8 22. Bxd5 Bg4 23. Qc2 Rc8 24. Qe4 Rce8 25. Qg2 Nd3 26. Rxe8 Rxe8 27. f3 Bd7 28. Rd1 Nxb2 29. Qxb2 Bxg3 30. Qg2 Be5 31. Qf2 Qc7 32. Kg2 Qxc3 33. Ne2 Qc2 34. Rc1 Qf5 35. Kf1 Qg5 36. f4 Bh3+ 37. Bg2 Bxg2+ 38. Qxg2 Bxf4 39. Qxg5 Bxg5 40. Rc7 Bxh6 41. Rxb7 Be3 42. Kg2 h5 43. Kf3 g5 44. Rf7 g4+ 45. Kg2 Re6 46. Kg3 Kg8 47. Rd7 Re5 48. a4 Re4 49. Rb7 f5 50. Kh4 f4 51. Kxh5 g3 52. Kg6 Kf8 53. Kf5 Re7 54. Rb8+ Kf7 55. Kg4 g2 56. Kf3 g1=Q 57. Nxg1 Bxg1 58. Rh8 Be3 59. Rh5 Kf6 60. Ra5 Rb7 61. b5 Ke6 62. Ra6+ Kd5 63. Rc6 Rb6 64. Rc8 a6 65. Rd8+ Kc4 66. bxa6 Rxa6 67. Rd1 Rxa4 68. Rd8 Ra1 69. Rc8+ Kd5 70. Rd8+ Ke6 71. Re8+ Kf7 72. Rb8 Rf1+ 73. Ke4 Kg6 74. Rb5 Bd2 75. Rb3 Be3 76. Rb2 Kg5 77. Rg2+ Kh4 78. Rg8 Kh3 79. Rg7 Kh2 80. Rg8 Rf2 81. Rg7 Rg2 82. Rh7+ Kg1 83. Kf3 Rg3+ 84. Ke2 Kg2 85. Rf7 Rg4 86. Rf8 Rg5 87. Rf7 Re5 88. Rg7+ Kh3 89. Rf7 Rg5 90. Kf3 Kh4 91. Ke2 Rh5 92. Kf3 Rg5 93. Rg7 Rh5 94. Rh7 Rxh7 95. Ke2 Rg7 96. Kf3 Rg4 97. Ke4 Rg3 98. Kd3 Kh3 99. Ke2 f3+ 100. Kf1 Kh2 101. Ke1 Rg1# 0-1


[Site "https://www.chess.com"]

[Event "Titled Tuesday Blitz January 10 Early 2023"]
[White "Degtiarev, Evgeny"]
[Black "Fiorito, Francisco"]
[WhiteFideId "4149610"]
[BlackFideId "180165"]
[WhiteElo "2385"]
[BlackElo "2305"]
[Result "0-1"]
[Round "05"]
[TimeControl "180+2"]
[Date "2023.01.10"]
[WhiteClock "0:00:01"]
[BlackClock "0:00:05"]

1. d4 Nf6 2. c4 g6 3. Nc3 d5 4. cxd5 Nxd5 5. e4 Nxc3 6. bxc3 Bg7 7. Qa4+ c6 8. Nf3 O-O 9. Be3 c5 10. Rd1 Nc6 11. Bb5 cxd4 12. Bxc6 bxc6 13. cxd4 Bb7 14. O-O a5 15. Rfe1 Qb6 16. Rb1 Qa6 17. Qa3 Rfe8 18. Rec1 Bc8 19. Nd2 Be6 20. Rc5 Red8 21. e5 Bd5 22. Rbc1 e6 23. Nc4 a4 24. Nd6 Bf8 25. Bf4 Qe2 26. R5c2 Qg4 27. Bg3 h5 28. Qe3 h4 29. f3 Qh5 30. Bf4 Be7 31. h3 g5 32. Bh2 Qg6 33. Rd2 Rdb8 34. Re1 Rb1 35. Qf2 Rab8 36. Rdd1 R8b2 37. Rd2 Rxe1+ 38. Qxe1 Rb1 39. Rd1 Rb2 40. Rd2 Rc2 41. Rxc2 Qxc2 42. Ne4 Qxa2 43. Nf2 Qc2 44. Ne4 Qd3 45. Qa1 a3 0-1


[Site "https://www.chess.com"]